[Event "*** Titled Tuesday Blitz"]
[Site "Chess.com"]
[Date "2020.05.19"]
[Round "8"]
[White "Koalaskakistis"]
[Black "WeAintSurePal"]
[Result "1-0"]
[WhiteElo "2467"]
[BlackElo "2299"]
[TimeControl "180+1"]
[EndTime "13:36:16 PDT"]
[Termination "Koalaskakistis won by checkmate"]

1. f4 Nf6 2. Nf3 d5 3. g3 g6 4. Bg2 Bg7 5. O-O O-O 6. d3 c5 7.
Ne5 Ng4 8. Nxg4 Bxg4 9. h3 Bc8 10. e4 dxe4 11. dxe4 Nc6 12. c3 Qc7 13. Be3 b6 14. Nd2 Bb7 15. Qc2 Rad8 16. e5 Rd7 17. Ne4 Rfd8 18.
e6 fxe6 19. Ng5 Qd6 20. Rfe1 h6 21. Ne4 Qc7 22. h4 Rd3 23. Bf1 Rxe3 24. Rxe3 Na5 25. Bh3 Qc6 26. Rae1 Nc4 27. R3e2 e5 28. f5 Nd6 29.
Bg2 Qc7 30. fxg6 Nf5 31. h5 Rf8 32. Rf2 e6 33. Ref1 Rd8 34. Qe2 c4 35. g4 Nh4 36.
Rf7 Qc8 37. Rxg7+ Kxg7 38. Rf7+ Kh8 39. Rh7+ Kg8 40. Nf6+ Kf8 41. Rf7# 1-0

[Event "*** Titled Tuesday Blitz"]
[Site "Chess.com"]
[Date "2020.05.19"]
[Round "8"]
[White "Belka1989"]
[Black "Boudicca64"]
[Result "1-0"]
[WhiteElo "2127"]
[BlackElo "1995"]
[TimeControl "180+1"]
[EndTime "13:36:16 PDT"]
[Termination "Belka1989 won by resignation"]

1. d4 d5 2. Nf3 Nf6 3. Bf4 e6 4. e3 Be7 5. Bd3 O-O 6. Nbd2 b6 7. Ne5 Bb7 8. Qf3 Nbd7 9. Qh3 c5 10. c3 g6 11. Bh6 Re8 12. Bb5 a6 13. Bxd7 Nxd7 14. Ndf3 cxd4 15. exd4 Bf6 16. Nxd7 Qxd7 17. Bg5 Qe7 18.
Bxf6 Qxf6 19. Ne5 Qf5 20. Qxf5 exf5 21. Kd2 Re6 22. Rhe1 Rae8 23. Nd7 Kg7 24. Nxb6 a5 25. Nd7 Ba6 26. Rxe6 fxe6 27. Nc5 Bc8 28. Re1 Kf6 29. Nd3 Ba6 30. Ne5 Rb8 31. Nd7+ 1-0

[Event "*** Titled Tuesday Blitz"]
[Site "Chess.com"]
[Date "2020.05.19"]
[Round "8"]
[White "TigranMukhutdinov"]
[Black "Goryachkina"]
[Result "1/2-1/2"]
[WhiteElo "2476"]
[BlackElo "2601"]
[TimeControl "180+1"]
[EndTime "13:36:17 PDT"]
[Termination "Game drawn by repetition"]

1. Nf3 d5 2. g3 c6 3. Bg2 Bg4 4. c4 e6 5. O-O Nf6 6. cxd5 Bxf3 7. Bxf3 cxd5 8. d3 Nc6 9. Qb3 Qd7 10. Nc3 Nd4 11.
Qa4 Nxf3+ 12. exf3 Bd6 13. f4 Qxa4 14. Nxa4 O-O 15.
Be3 Rfc8 16. Rac1 b6 17. Rxc8+ Rxc8 18. Rc1 Rxc1+ 19. Bxc1 Kf8 20. Be3 Ke7 21. Nc3 Kd7 22.
Kf1 h5 23. Bd4 Ne8 24. h4 g6 25. Ke2 Kc6 26. Kd2 Nc7 27. Ne2 Nb5 28. Be5 Bc5 29. a4 Nc7 30. Bd4 Ne8 31. Kc3 a5 32. Ng1 Bxd4+ 33. Kxd4 f6 34. Nf3 Nd6 35. Kc3 Nf5 36. b3 Kc5 37. d4+ Kc6 38. Kd3 Nh6 39. Nd2 Ng4 40. Ke2 Nh6 41. Nf1 Nf5 42. Kd3 b5 43. Ne3 Nxe3 44. fxe3 bxa4 45. bxa4 f5 46.
Kc3 Kd6 47. Kd3 Kc6 48. Kc3 Kd6 49. Kd3 Kc6 1/2-1/2

[Event "*** Titled Tuesday Blitz"]
[Site "Chess.com"]
[Date "2020.05.19"]
[Round "8"]
[White "Vandros57"]
[Black "Nathan_Filgueiras"]
[Result "1-0"]
[WhiteElo "2165"]
[BlackElo "2312"]
[TimeControl "180+1"]
[EndTime "13:36:17 PDT"]
[Termination "Vandros57 won by resignation"]

1. d4 Nf6 2. Nf3 e6 3. c4 b6 4. g3 Bb7 5. Bg2 Be7 6. O-O O-O 7. Nc3 Ne4 8. Nxe4 Bxe4 9. Ne1 Bxg2 10. Nxg2 d5 11.
cxd5 exd5 12. Bf4 c5 13. dxc5 bxc5 14. h4 Nc6 15. Ne3 Nd4 16. Be5 Bf6 17. Bxf6 Qxf6 18. Nxd5 Qe5 19. Nf4 h6 20. e3 Nf5 21. Qd5 Qf6 22.
Qxc5 Rfc8 23. Qa5 g5 24. hxg5 hxg5 25. Nh5 Qg6 26. g4 Nh4 27. Rac1 Rd8 28. Rfd1 Rxd1+ 29. Rxd1 Re8 30. Rd8 Qb1+ 31. Kh2 Qe4 32. Rxe8+ Qxe8 33. Qxg5+ Kf8 34. Qxh4 1-0

[Event "*** Titled Tuesday Blitz"]
[Site "Chess.com"]
[Date "2020.05.19"]
[Round "8"]
[White "attack2mateU"]
[Black "Alexander_Moskalenko"]
[Result "0-1"]
[WhiteElo "2621"]
[BlackElo "2820"]
[TimeControl "180+1"]
[EndTime "13:36:18 PDT"]
[Termination "Alexander_Moskalenko won by resignation"]

1. e4 Nf6 2. e5 Nd5 3. d4 d6 4. Nf3 dxe5 5. Nxe5 c6 6. Be2 Nd7 7. Nf3 g6 8. O-O Bg7 9. c4 Nc7 10. Nc3 O-O 11. Be3 e5 12. d5 f5 13. Bg5 Bf6 14.
dxc6 bxc6 15. Qd6 e4 16. Nd4 Bxg5 17. Rad1 Nb8 18. Qa3 Qe7 19. c5 Ne6 20. Bc4 Kg7 21. Na4 Bf6 22. Nxe6+ Bxe6 23. Bxe6 Qxe6 24. Nb6 axb6 25.
Qxa8 bxc5 26. Qb7+ Qf7 27. Qb6 Qxa2 28. Rd6 Qxb2 29.
Qxc5 Be7 30. Rxg6+ hxg6 31. Qxe7+ Rf7 32. Qe6 Qf6 33. Qc8 Nd7 34. Rd1 Ne5 35. Rd8 Kh7 36.
h3 f4 37. Re8 e3 38. Qb8 exf2+ 39. Kf1 Nd3 40. Qb1 Qc3 41. Rd8 Qe1+ 0-1

[Event "*** Titled Tuesday Blitz"]
[Site "Chess.com"]
[Date "2020.05.19"]
[Round "8"]
[White "bazar-wokzal"]
[Black "Manukyan_Artak"]
[Result "1-0"]
[WhiteElo "2501"]
[BlackElo "2310"]
[TimeControl "180+1"]
[EndTime "13:36:18 PDT"]
[Termination "bazar-wokzal won by resignation"]

1. e4 c6 2. d4 d5 3. e5 Bf5 4. Nc3 e6 5. g4 Bg6 6. Nge2 c5 7. Be3 Nc6 8. dxc5 Nxe5 9. Nf4 a6 10. Qe2 Ne7 11. O-O-O Qa5 12. h4 h6 13. Nxg6 N5xg6 14.
f4 Nc6 15. f5 Nge7 16. fxe6 fxe6 17. Bf2 O-O-O 18. Qxe6+ Kb8 19. Kb1 d4 20. Ne4 Nd5 21. Bc4 Nc7 22. Bg3 Ka7 23. Qf7 Be7 24. Qxg7 Rhe8 25. Nd6 Bxd6 26. Bxd6 Nb5 27. Qxh6 Qb4 28. Bb3 Nxd6 29. cxd6 Rxd6 30. Qd2 Qc5 31. h5 Rh8 32. h6 a5 33. h7 b5 34. Rh5 Qb6 35. g5 a4 36. Bg8 Ne5 37. Rf1 Nc4 38. Qb4 d3 39. Bxc4 dxc2+ 40. Kxc2 Rc6 41. Rf7+ Ka6 42. Qxa4+ Qa5 43.
Ra7+ 1-0

[Event "*** Titled Tuesday Blitz"]
[Site "Chess.com"]
[Date "2020.05.19"]
[Round "8"]
[White "MITerryble"]
[Black "Radzio1987"]
[Result "0-1"]
[WhiteElo "2856"]
[BlackElo "2926"]
[TimeControl "180+1"]
[EndTime "13:36:19 PDT"]
[Termination "Radzio1987 won on time"]

1. d4 Nf6 2. Nf3 d5 3. c4 e6 4. e3 Be7 5. b3 c5 6. dxc5 O-O 7. Nbd2 Nbd7 8. Bb2 Nxc5 9. Be2 b6 10.
O-O Bb7 11. Rc1 Rc8 12. a3 dxc4 13. Bxc4 Bd5 14. Qe2 Bxc4 15. Rxc4 Qd3 16. Qxd3 Nxd3 17. Bxf6 gxf6 18. a4 f5 19. Nd4 Rxc4 20. Nxc4 Rc8 21.
Rd1 Nc5 22. Ne5 Bf6 23. Ndc6 Nxb3 24. g4 Na5 25. Nd7 Nxc6 26. Nxf6+ Kg7 27. g5 Ne5 28. f4 Ng4 29. Nxg4 fxg4 30. Rd7 a5 31. Rb7 Rc4 32. Rxb6 Rxa4 33. Kf2 Kg6 34. Rb7 Re4 0-1

[Event "*** Titled Tuesday Blitz"]
[Site "Chess.com"]
[Date "2020.05.19"]
[Round "8"]
[White "northridgehawk"]
[Black "zurzan"]
[Result "0-1"]
[WhiteElo "2227"]
[BlackElo "1951"]
[TimeControl "180+1"]
[EndTime "13:36:19 PDT"]
[Termination "zurzan won by resignation"]

1. e4 Nf6 2. e5 Nd5 3. c4 Nb6 4.
d4 d6 5. f4 dxe5 6. fxe5 Nc6 7. Be3 Bf5 8. Nc3 e6 9. Be2 Be7 10. Nf3 O-O 11. O-O f6 12. exf6 Bxf6 13. b3 Qe7 14.
Qd2 Rad8 15. Rad1 h6 16. Qb2 Bg6 17. a3 e5 18. d5 Nd4 19. Nxd4 exd4 20. Bxd4 Bxd4+ 21. Rxd4 Qe3+ 22. Kh1 Rxf1+ 23. Bxf1 Qxd4 24. Qc1 Rf8 25. Be2 Nd7 26. Nb5 Qe5 27. Bf3 a6 28. Nc3 Nc5 29. b4 Nd3 30. Qd2 Qe1+ 31. Qxe1 Nxe1 32. Be2 Nc2 33. Kg1 Nxa3 34. c5 Nc2 35. b5 axb5 36.
Bxb5 Nd4 37. Bf1 Rd8 38. h3 Bf7 39. Kf2 Kf8 40. Ke3 Nf5+ 41. Kf4 g6 42. Ke5 Re8+ 43. Kf6 Ne3 44. Bd3 Nxg2 45. Bb5 Re3 46. Nd1 Rf3+ 47.
Ke5 Rf5+ 48. Ke4 Bxd5+ 49. Kd4 c6 0-1

[Event "*** Titled Tuesday Blitz"]
[Site "Chess.com"]
[Date "2020.05.19"]
[Round "8"]
[White "JoakimVonAnd"]
[Black "GelmanAlexander"]
[Result "1-0"]
[WhiteElo "2471"]
[BlackElo "2574"]
[TimeControl "180+1"]
[EndTime "13:36:20 PDT"]
[Termination "JoakimVonAnd won by resignation"]

1. d4 Nf6 2. c4 c5 3. d5 b5 4.
cxb5 a6 5. e3 e6 6. Nc3 exd5 7.
Nxd5 Bb7 8. Nxf6+ Qxf6 9. Nf3 Be7 10. bxa6 Nxa6 11. Bb5 O-O 12. Qxd7 Bxf3 13. gxf3 Nb4 14. O-O Rfd8 15. Qh3 Rd5 16. f4 g6 17. Qg2 Rad8 18. Bc4 Rd1 19. a3 Nc2 20. Rb1 Ne1 21. Qe4 Qh4 22.
Be2 f5 23. Qc4+ Kf8 24. Bxd1 Rxd1 25. Qe2 Qh3 26. Rxe1 Qg4+ 27. Qxg4 Rxe1+ 28. Kg2 fxg4 29. b4 cxb4 30. axb4 h5 31. b5 h4 32. h3 gxh3+ 33.
Kxh3 Rh1+ 34. Kg2 Rd1 35. b6 Bd6 36. b7 Kf7 37. Ra1 Ke6 38. Bb2 Rd2 39. Rb1 Bb8 40.
Be5 Rd8 41. Bxb8 Rxb8 42. Kh3 1-0

[Event "*** Titled Tuesday Blitz"]
[Site "Chess.com"]
[Date "2020.05.19"]
[Round "8"]
[White "ManuDavid2910"]
[Black "Djager97"]
[Result "1-0"]
[WhiteElo "2698"]
[BlackElo "2383"]
[TimeControl "180+1"]
[EndTime "13:36:21 PDT"]
[Termination "ManuDavid2910 won by resignation"]

1. e4 e5 2. Nf3 Nc6 3. Bc4 Bc5 4. O-O Nf6 5. d4 Bxd4 6. Nxd4 exd4 7. e5 d5 8. exf6 dxc4 9. fxg7 Rg8 10. Re1+ Be6 11. Na3 Qd5 12. Bh6 O-O-O 13. Qd2 Ne5 14. Rad1 Ng4 15.
Bg5 f6 16. Bh4 Rxg7 17. Bg3 h5 18. h3 h4 19. Bxh4 Qxg2+ 20. Kxg2 Ne3+ 21. Kh2 Rg2+ 22. Kh1 Bd5 23. Qxd4 Nxd1 24. Qxd5 Rxd5 25. Kxg2 Nxb2 26. Bxf6 Na4 27. Nxc4 Rc5 28. Ne3 Nc3 29. Bd4 Rc6 30. Bxc3 Rxc3 31. h4 1-0

[Event "*** Titled Tuesday Blitz"]
[Site "Chess.com"]
[Date "2020.05.19"]
[Round "8"]
[White "Paul66666"]
[Black "NormWeinstein"]
[Result "1-0"]
[WhiteElo "2610"]
[BlackElo "2457"]
[TimeControl "180+1"]
[EndTime "13:36:21 PDT"]
[Termination "Paul66666 won by checkmate"]

1. d4 Nf6 2. Bg5 e6 3. e4 h6 4.
Bxf6 Qxf6 5. c3 g6 6. Bd3 Bg7 7. Ne2 d6 8. O-O Qe7 9. f4 Nc6 10. Nd2 Bd7 11. Kh1 O-O-O 12. b4 g5 13. b5 Nb8 14. a4 gxf4 15. Nxf4 Rhg8 16. a5 Qg5 17. b6 a6 18. bxc7 Kxc7 19. Nc4 Bc6 20. Nb6 Nd7 21.
Nh3 Qe7 22. d5 exd5 23. exd5 Bb5 24. Bxb5 axb5 25. Qd3 Nc5 26. Qxb5 Bxc3 27. Rac1 Bd2 28. Rxc5+ dxc5 29. a6 Qe4 30. Rg1 Rxg2 31. Rxg2 Qe1+ 32.
Ng1 Be3 33. axb7 Bxg1 34. Qc6+ Kb8 35. Qc8+ Ka7 36. b8=Q# 1-0

[Event "*** Titled Tuesday Blitz"]
[Site "Chess.com"]
[Date "2020.05.19"]
[Round "8"]
[White "BlackBoarder"]
[Black "manmanlai1"]
[Result "1-0"]
[WhiteElo "2586"]
[BlackElo "2354"]
[TimeControl "180+1"]
[EndTime "13:36:21 PDT"]
[Termination "BlackBoarder won by resignation"]

1. e4 c5 2. Nf3 e6 3. c3 Nf6 4. e5 Nd5 5. d4 cxd4 6. cxd4 Nc6 7. a3 d6 8. Bd3 dxe5 9. dxe5 Be7 10. O-O h6 11.
Bd2 b6 12. Nc3 Bb7 13. Qe2 Nxc3 14. Bxc3 Rc8 15. Rfd1 Qc7 16. h4 Rd8 17. h5 Rd7 18. Rac1 a5 19. Bb5 Rxd1+ 20. Rxd1 O-O 21. Bd3 Nb8 22.
Bb1 Rd8 23. Re1 Nd7 24. Qd3 Nf8 25. Qe2 a4 26. Nd4 Bc5 27. Rd1 Bxd4 28. Bxd4 Qc6 29.
f3 Qd7 30. Rd2 Bc6 31. Be3 Qb7 32. Rxd8 1-0

[Event "*** Titled Tuesday Blitz"]
[Site "Chess.com"]
[Date "2020.05.19"]
[Round "8"]
[White "Gerodot71"]
[Black "AlanZhang"]
[Result "0-1"]
[WhiteElo "2364"]
[BlackElo "2235"]
[TimeControl "180+1"]
[EndTime "13:36:21 PDT"]
[Termination "AlanZhang won by resignation"]

1. d4 Nf6 2. c4 e6 3. Nf3 d5 4. g3 dxc4 5. Bg2 c6 6. Ne5 b5 7.
Nxc6 Qb6 8. Nxb8 Rxb8 9. O-O Bb7 10. e4 Nxe4 11. Re1 Nf6 12. Bg5 Bxg2 13. Kxg2 Qb7+ 14. Kg1 Be7 15. Nd2 O-O 16. Bxf6 Bxf6 17. Ne4 Be7 18. Qh5 Rfd8 19. Rad1 Rd5 20. Qg4 f5 21. Qh3 fxe4 22. Qxe6+ Kh8 23. Rxe4 Rd7 24. d5 Rbd8 25. d6 h6 26.
Red4 Bf6 27. R4d2 Qc6 28. h4 b4 29. g4 c3 30. bxc3 bxc3 31. Rd3 c2 32. Rc1 Rxd6 33. Rxd6 Rxd6 34. Qb3 Rd2 35. f3 Qc5+ 36. Kh1 Qf2 37. Qb8+ Bd8 38. Rg1 Qxf3+ 0-1

[Event "*** Titled Tuesday Blitz"]
[Site "Chess.com"]
[Date "2020.05.19"]
[Round "8"]
[White "colegiodemadrid"]
[Black "tteshan"]
[Result "1-0"]
[WhiteElo "2363"]
[BlackElo "2226"]
[TimeControl "180+1"]
[EndTime "13:36:21 PDT"]
[Termination "colegiodemadrid won by resignation"]

1. d4 d5 2. c4 dxc4 3. e3 Nf6 4. Bxc4 e6 5. Nf3 a6 6. O-O b5 7. Be2 Bb7 8. Ne5 Nbd7 9. Bf3 Bxf3 10. Qxf3 Bd6 11. Nc6 Qc8 12. e4 e5 13. Bg5 Qb7 14. Bxf6 Nxf6 15. dxe5 Qxc6 16. exd6 cxd6 17. Nc3 O-O 18.
Rad1 Rfe8 19. Rfe1 Re6 20. a3 Rae8 21. Rd4 d5 22. e5 Rxe5 23. Rxe5 Rxe5 24. g3 h6 25. h4 Qe6 26. Kg2 Ne4 27. Nxd5 Rxd5 28. Rxe4 Re5 29. Rd4 Kh7 30. Rf4 f6 31. Qd3+ Kg8 32. Rd4 Kf7 33.
Rd7+ Kg8 34. Rd8+ Kf7 35. Qh7 Qc6+ 36. Kh2 Qc7 37. Rg8 Ke6 38. Rxg7 Qd6 39. Qg8+ Kf5 40.
Qc8+ Qe6 41. Qc2+ Re4 42. f3 Qd5 43. Qxe4+ Qxe4 44. fxe4+ Kxe4 1-0

[Event "*** Titled Tuesday Blitz"]
[Site "Chess.com"]
[Date "2020.05.19"]
[Round "8"]
[White "DonPreuss"]
[Black "florianschwabeneder"]
[Result "0-1"]
[WhiteElo "2225"]
[BlackElo "2517"]
[TimeControl "180+1"]
[EndTime "13:36:22 PDT"]
[Termination "florianschwabeneder won by checkmate"]

1. d4 Nf6 2. Nc3 d5 3. e4 dxe4 4. f3 Bf5 5. fxe4 Nxe4 6. Qf3 Nd6 7. Bf4 e6 8. O-O-O c6 9. g4 Bg6 10. Qe3 Be7 11. Nf3 Nd7 12. Ne5 Nf6 13. Nxg6 hxg6 14.
Qg3 Nd5 15. Nxd5 cxd5 16. Bxd6 Qxd6 17. Bb5+ Kd8 18. Qf3 Bf6 19. h3 g5 20. Kb1 a6 21. Bd3 Qf4 22. Qxf4 gxf4 23. Be2 g5 24. Bf3 Rc8 25. c3 Kd7 26. Bg2 Kd6 27. Rd3 b5 28. a3 a5 29. Kc2 b4 30. axb4 axb4 31. Ra1 Ra8 32. Rdd1 Rhc8 33. Rxa8 Rxa8 34. Bf3 bxc3 35.
bxc3 Ra2+ 36. Kd3 Bd8 37. Be2 Ba5 38. Rb1 Bxc3 39. Bf3 Ba5 40. Rd1 f6 41. Rb1 Rd2# 0-1

[Event "*** Titled Tuesday Blitz"]
[Site "Chess.com"]
[Date "2020.05.19"]
[Round "8"]
[White "Gareth-Bale11"]
[Black "Pittiplatsh"]
[Result "1-0"]
[WhiteElo "2704"]
[BlackElo "2551"]
[TimeControl "180+1"]
[EndTime "13:36:23 PDT"]
[Termination "Gareth-Bale11 won on time"]

1. e4 c5 2. Nf3 d6 3. d4 cxd4 4. Nxd4 Nf6 5. Nc3 a6 6. h3 e6 7.
g4 d5 8. exd5 Nxd5 9. Bg2 Bb4 10. Bd2 Bxc3 11. bxc3 O-O 12. c4 Ne7 13. Bb4 Qc7 14. Qe2 Rd8 15. Bc3 Nbc6 16. Rd1 Nxd4 17.
Rxd4 Rxd4 18. Bxd4 Nc6 19. Bc3 e5 20. O-O Be6 21.
Bd5 Re8 22. Re1 h6 23. Qe4 Qd8 24. Rb1 Qe7 25. Kg2 h5 26. Kg3 hxg4 27. hxg4 f6 28.
g5 f5 29. Qxf5 Bxd5 30. cxd5 Nd4 31. Bxd4 exd4 32. g6 Qd6+ 33. Kg2 Rf8 34. Qh5 Rf6 35.
Qh7+ Kf8 36. Qh8+ 1-0

[Event "*** Titled Tuesday Blitz"]
[Site "Chess.com"]
[Date "2020.05.19"]
[Round "8"]
[White "Vesper2018"]
[Black "Moon_stone123"]
[Result "0-1"]
[WhiteElo "2275"]
[BlackElo "2521"]
[TimeControl "180+1"]
[EndTime "13:36:23 PDT"]
[Termination "Moon_stone123 won on time"]

1. e4 c5 2. Nc3 g6 3. Nf3 Bg7 4. d4 cxd4 5. Nxd4 Nc6 6. Be3 Nf6 7. Bc4 O-O 8. Bb3 d6 9. f3 Bd7 10. Qd2 Rc8 11. h4 h5 12. O-O-O Ne5 13. Bg5 Rc5 14. Kb1 Re8 15. Bh6 Nc4 16. Bxc4 Rxc4 17. Bxg7 Kxg7 18. g4 hxg4 19. h5 Rh8 20. hxg6 fxg6 21. f4 b5 22. e5 Nh5 23. exd6 exd6 24. Ne4 d5 25. Nd6 Rc7 26.
f5 Qf6 27. Rxh5 Rxh5 28. Qf4 g5 29. Ne8+ Bxe8 30. Qxc7+ Bf7 31. c3 Rh3 32. Re1 g3 33. Ne6+ Kh6 34. Nf8 Qxf5+ 35. Ka1 g2 36. Qd6+ Bg6 0-1

[Event "*** Titled Tuesday Blitz"]
[Site "Chess.com"]
[Date "2020.05.19"]
[Round "8"]
[White "PredragNikac"]
[Black "Fusikk"]
[Result "0-1"]
[WhiteElo "2312"]
[BlackElo "2595"]
[TimeControl "180+1"]
[EndTime "13:36:25 PDT"]
[Termination "Fusikk won on time"]

1. d4 Nf6 2. Bg5 d6 3. Bxf6 exf6 4. e3 g6 5. Ne2 Bg7 6. h4 h5 7. Nf4 O-O 8. Bd3 f5 9. Nxh5 gxh5 10. Qxh5 Qf6 11. Rh3 Qg6 12. Qf3 Qg4 13. Qd5 Nc6 14. Rg3 Qxh4 15. Nd2 Nb4 16. Qf3 Nxd3+ 17. cxd3 Be6 18.
d5 Bd7 19. Rc1 Rac8 20. Rc4 Qh1+ 21. Nf1 c6 22. Rh3 Qg1 23. Qh5 Rfe8 24. dxc6 Rxc6 25. Qh7+ Kf8 26. Rg3 Bf6 27. Qh6+ Ke7 28. Rxc6 bxc6 29.
d4 Rh8 30. Qf4 Rh1 0-1

[Event "*** Titled Tuesday Blitz"]
[Site "Chess.com"]
[Date "2020.05.19"]
[Round "8"]
[White "Anna_ChessMate"]
[Black "Shahinyan_ChessMood"]
[Result "1-0"]
[WhiteElo "2541"]
[BlackElo "2653"]
[TimeControl "180+1"]
[EndTime "13:36:26 PDT"]
[Termination "Anna_ChessMate won by resignation"]

1. d4 Nf6 2. c4 c5 3. Nf3 g6 4.
Nc3 Bg7 5. g3 b6 6. Bg2 Bb7 7.
d5 O-O 8. O-O d6 9. e4 Nbd7 10.
h3 a6 11. a4 Qc7 12. Re1 e5 13. dxe6 fxe6 14. Bf4 e5 15. Bg5 h6 16. Be3 Nb8 17. Nh4 Kh7 18. Nd5 Qd8 19. a5 b5 20.
b4 cxb4 21. cxb5 axb5 22. Bb6 Qd7 23. Nc7 Nc6 24. Nxa8 Bxa8 25. Qd3 Nd4 26. Rab1 Qf7 27. Rxb4 Nxe4 28. Bxd4 exd4 29. Rf1 Nc5 30. Qxb5 Bxg2 31.
Nxg2 g5 32. Qc6 Qe6 33. Rb6 Be5 34. Qxc5 Qxh3 35. Qc7+ Kg6 36. Qc2+ Kh5 37. Qe2+ g4 38.
Rb5 Kg6 39. Rxe5 dxe5 40. Qxe5 1-0

[Event "*** Titled Tuesday Blitz"]
[Site "Chess.com"]
[Date "2020.05.19"]
[Round "8"]
[White "Pavel_Mir"]
[Black "Chichin_chao"]
[Result "0-1"]
[WhiteElo "2194"]
[BlackElo "2388"]
[TimeControl "180+1"]
[EndTime "13:36:26 PDT"]
[Termination "Chichin_chao won by resignation"]

1. e4 c5 2. Nf3 e6 3. d4 cxd4 4. Nxd4 a6 5. Be2 Qc7 6. O-O Nf6 7. Bf3 Nc6 8. Nxc6 dxc6 9. Bg5 Be7 10. Qe2 e5 11. Nd2 h6 12. Bxf6 Bxf6 13. Bg4 h5 14. Bxc8 Rxc8 15. Rad1 b5 16. Nb3 Be7 17. c4 g6 18. Qc2 O-O 19. Rd3 Rfd8 20. Rfd1 Rxd3 21. Rxd3 Qb7 22. c5 Qc7 23. Qd2 Rd8 24. Nc1 Rxd3 25.
Nxd3 Qd7 26. Qc3 f6 27. b4 Qe6 28. Qb3 Kf7 29. f3 Qxb3 30. axb3 Ke6 31. Kf2 f5 32. h3 Bg5 33. g4 Bd2 34. Ke2 Bc3 35. Kd1 Kf6 36.
Kc2 Bd4 37. Kd2 fxg4 38. fxg4 hxg4 39. hxg4 Kg5 40. Nc1 Kxg4 41. Kd3 Kf3 42. Ne2 Bf2 43.
Nc3 Bh4 44. Nd5 cxd5 45. exd5 e4+ 46. Kc2 e3 47. c6 Bg3 0-1

[Event "*** Titled Tuesday Blitz"]
[Site "Chess.com"]
[Date "2020.05.19"]
[Round "8"]
[White "Witik"]
[Black "jlandaw"]
[Result "0-1"]
[WhiteElo "2618"]
[BlackElo "2488"]
[TimeControl "180+1"]
[EndTime "13:36:27 PDT"]
[Termination "jlandaw won by resignation"]

1. d4 Nf6 2. c4 e6 3. Nf3 b6 4. Nc3 Bb4 5. Bg5 h6 6. Bh4 Bb7 7. Nd2 Bxc3 8. bxc3 g5 9. Bg3 d6 10. h4 Rg8 11. hxg5 hxg5 12. f3 Nbd7 13. e4 e5 14. Be2 Qe7 15. Nf1 g4 16. Bh4 exd4 17.
cxd4 Qe6 18. Ne3 O-O-O 19. Kd2 Rh8 20. Bd3 Rdg8 21. Qe2 gxf3 22. gxf3 Nh5 23. Nd5 Bxd5 24. cxd5 Qh6+ 25. Qe3 Rg2+ 26. Be2 Nf4 27. Bf2 Qxh1 28. Rxh1 Rxh1 29. Ba6+ Kb8 30. Qc3 Rxf2+ 31. Ke3 Rxf3+ 32. Kxf3 Rh3+ 33. Kxf4 Rxc3 0-1

[Event "*** Titled Tuesday Blitz"]
[Site "Chess.com"]
[Date "2020.05.19"]
[Round "8"]
[White "AGW2016"]
[Black "vova-79"]
[Result "1-0"]
[WhiteElo "2236"]
[BlackElo "2392"]
[TimeControl "180+1"]
[EndTime "13:36:27 PDT"]
[Termination "AGW2016 won by resignation"]

1. e4 e6 2. d4 d5 3. exd5 exd5 4. Nf3 Bd6 5. c4 dxc4 6. Bxc4 Nf6 7. O-O O-O 8. h3 h6 9. Nc3 Nc6 10. Re1 Re8 11. Be3 Bf5 12. Rc1 Qd7 13. Nb5 Bb4 14. Rf1 a6 15. Nc3 Bd6 16. d5 Ne5 17. Nxe5 Bxe5 18. Qd2 Rad8 19. Bf4 Qd6 20. Bxe5 Rxe5 21.
Rfe1 Rde8 22. Rxe5 Qxe5 23. Rd1 Rd8 24. Re1 Qd6 25.
Qd4 c6 26. Qe5 cxd5 27. Nxd5 Qxe5 28. Rxe5 Nxd5 29. Bxd5 Bc8 30. Bb3 Kf8 31. Rc5 Bd7 32. Rc7 b6 33. Rb7 b5 34. Ra7 Ke7 35. Rxa6 Rc8 36.
Ra7 f6 37. Bd5 Kd6 38. Bb3 Rc1+ 39. Kh2 Rb1 40. Ra8 Rxb2 41. Kg3 Be6 42. Ra6+ Kd7 43. Bxe6+ 1-0

[Event "*** Titled Tuesday Blitz"]
[Site "Chess.com"]
[Date "2020.05.19"]
[Round "8"]
[White "TurboSteen"]
[Black "ecwinslow"]
[Result "1/2-1/2"]
[WhiteElo "1993"]
[BlackElo "2191"]
[TimeControl "180+1"]
[EndTime "13:36:27 PDT"]
[Termination "Game drawn by repetition"]

1. e4 c5 2. Nc3 Nc6 3. Bb5 g6 4. f4 Bg7 5. Bxc6 dxc6 6. Nf3 Qc7 7. d3 f6 8. O-O Nh6 9. Qe1 Nf7 10. b3 O-O 11. Bb2 e5 12. fxe5 Nxe5 13. Nxe5 fxe5 14. Qg3 Be6 15. Na4 b6 16. Bc3 Rxf1+ 17. Rxf1 Rf8 18. Rxf8+ Kxf8 19. Nb2 b5 20. Nd1 Bf6 21. Qf2 Kg7 22.
Qxc5 a6 23. Ne3 h5 24. Nd5 Bxd5 25. exd5 e4 26. Bxf6+ Kxf6 27. dxe4 Qf4 28. Qxc6+ Kg5 29. h3 Qc1+ 30. Kh2 Qf4+ 31. Kh1 Qf1+ 32. Kh2 Qf4+ 33. Kh1 Qf1+ 34. Kh2 Qf4+ 1/2-1/2

[Event "*** Titled Tuesday Blitz"]
[Site "Chess.com"]
[Date "2020.05.19"]
[Round "8"]
[White "Stronger1799"]
[Black "jerry_77"]
[Result "0-1"]
[WhiteElo "2320"]
[BlackElo "2477"]
[TimeControl "180+1"]
[EndTime "13:36:29 PDT"]
[Termination "jerry_77 won on time"]

1. e4 c6 2. d4 d5 3. e5 c5 4. dxc5 Nc6 5. Nf3 Bg4 6. c3 e6 7.
Be3 Bxf3 8. Qxf3 Nxe5 9. Bb5+ Nc6 10. O-O Ne7 11. c4 a6 12. Ba4 dxc4 13. Nd2 Qd5 14. Ne4 Ng6 15. Rfd1 Ne5 16. Qf4 Nd3 17. Qc7 Qd7 18.
Qg3 e5 19. b3 f5 20. Ng5 f4 21. Bxf4 exf4 22. Qf3 O-O-O 23. bxc4 Bxc5 24. Ne4 Bb6 25. Rab1 Ba7 26. Rb3 Nde5 27. Rxd7 Nxf3+ 28. gxf3 Rxd7 29. Kg2 Rhd8 30. Ng5 Rd6 31. Bxc6 Rxc6 32. Nxh7 Rg6+ 33. Kf1 Rh8 0-1

[Event "*** Titled Tuesday Blitz"]
[Site "Chess.com"]
[Date "2020.05.19"]
[Round "8"]
[White "stolencandy13"]
[Black "Grandmaster2B"]
[Result "1/2-1/2"]
[WhiteElo "2553"]
[BlackElo "2417"]
[TimeControl "180+1"]
[EndTime "13:36:30 PDT"]
[Termination "Game drawn by agreement"]

1. e4 c5 2. Nf3 d6 3. d4 cxd4 4. Nxd4 Nf6 5. Nc3 a6 6. h3 e5 7. Nde2 Be6 8. g4 d5 9. exd5 Nxd5 10.
Bg2 Nxc3 11. Qxd8+ Kxd8 12. Nxc3 Nc6 13. Be3 Kc7 14. O-O-O Bb4 15. Nd5+ Bxd5 16. Bxd5 f6 17. c3 Bd6 18. Rd2 Rad8 19. Rhd1 h5 20. b4 hxg4 21.
hxg4 Be7 22. a4 Rh3 23. a5 Nd4 24.
Bg2 Rxe3 25. fxe3 Nb3+ 26. Kc2 Nxd2 27. Rxd2 Rxd2+ 28. Kxd2 b6 29. axb6+ Kxb6 30. Kd3 a5 31. bxa5+ Kxa5 32. Kc4 Kb6 33. Kd5 Bc5 34. e4 Be3 35. Bf1 Kc7 36. Ke6 Bd2 37. c4 Bh6 38. Bd3 Kc6 39. Bf1 Kc5 40. Kf5 Kc6 41. Be2 Kc5 42.
Bd3 Kc6 43. Bc2 Kc5 44. Bb3 Kb4 45. Ba2 Kc5 46. Ke6 Kc6 47. Bb3 Kc5 48. Ba2 Kc6 49. Ke7 Kc5 50. Kd7 Be3 51. Ke6 Bh6 52. Kf5 Kc6 53. Kg6 Kc5 54. g5 Bxg5 55. Kxg7 Kd4 56. c5 Kxc5 57. Kg6 Kd4 58. Kf5 1/2-1/2

[Event "*** Titled Tuesday Blitz"]
[Site "Chess.com"]
[Date "2020.05.19"]
[Round "8"]
[White "elohunter1999"]
[Black "Orest_Vovk"]
[Result "0-1"]
[WhiteElo "2534"]
[BlackElo "2396"]
[TimeControl "180+1"]
[EndTime "13:36:31 PDT"]
[Termination "Orest_Vovk won by resignation"]

1. e4 Nc6 2. Nf3 d5 3. exd5 Qxd5 4. Nc3 Qa5 5. Bb5 Bd7 6. Qe2 O-O-O 7. Bxc6 Bxc6 8.
Ne5 Be8 9. d3 f6 10. Qg4+ Kb8 11.
Nc4 Qh5 12. Qg3 e5 13. O-O Ne7 14. f4 Nf5 15. Qf2 Nh6 16. h3 exf4 17. Bxf4 Bc5 18. Be3 Bxe3 19. Qxe3 Bf7 20. Nb5 Qxb5 21. b3 Bxc4 22.
bxc4 Qb6 23. c5 Qc6 24. d4 Rhe8 25. Qd3 g6 26. c3 Qxc5 27. Rxf6 Qe7 28. Rf3 Qe2 29.
Qb1 Rf8 30. Rxf8 Rxf8 31. Qb4 Qf2+ 32. Kh1 Re8 33. Rb1 Re1+ 34. Rxe1 Qxe1+ 35. Kh2 Qe8 36. Qc5 Nf5 37. Qd5 Qf8 38. g3 a6 39. Qe4 Qd6 40. Qd3 h5 41. Kg2 h4 42. g4 Qg3+ 43.
Qxg3 Nxg3 44. Kf3 g5 45. Ke3 Kc8 46. d5 Kd7 47. Kd4 Ne2+ 48. Ke5 Nf4 49. Kf5 Nxh3 0-1